 Dungeon Crawl Stone Soup version 0.17-a0-1105-gbe8b664 (webtiles) character file.

476 Hanyuu the Insei (level 7, -2/46 HPs)
             Began as an Octopode Transmuter on May 22, 2015.
             Slain by a centaur (6 damage)
             ... on level 5 of the Dungeon.
             The game lasted 00:12:43 (3948 turns).

Hanyuu the Insei (Octopode Transmuter)              Turns: 3948, Time: 00:12:43

Health: -2/46      AC:  2    Str:  9    XL:     7   Next: 10%
Magic:  7/10       EV: 19    Int: 18    God:
Gold:   356        SH:  0    Dex: 17    Spells: 3 memorised, 4 levels left

rFire  . . .     SeeInvis .       - Unarmed
rCold  . . .     Clarity  .     (shield currently unavailable)
rNeg   . . .     SustAb   .     (helmet currently unavailable)
rPois  .         Gourm    +     i - amulet of the gourmand
rElec  .         Spirit   .     l - ring of poison resistance
rCorr  .         Warding  .     h - ring of poison resistance
rMut   .         Stasis   .     (no ring)
MR     .....                    (no ring)
Stlth  ++........               (no ring)
                                (no ring)
                                (no ring)
                                (no ring)

@: spider-form (expiring), not resistant to hostile enchantments, unstealthy
A: almost no armour, amphibious, 8 rings, (constrict 8), (camouflage 0),
(gelatinous body 0)
a: End Transformation


You were on level 5 of the Dungeon.
You were very full.
You were a venomous arachnid creature.
You visited 1 branch of the dungeon, and saw 5 of its levels.

You collected 356 gold pieces.

Inventory:

Hand weapons
 a - a +2 blowgun
Missiles
 e - 33 arrows
 o - 7 tomahawks (quivered)
 p - 19 poisoned needles
 u - 13 sling bullets
Jewellery
 h - a ring of poison resistance (right front leg)
 i - an amulet of the gourmand (around neck)
 l - a ring of poison resistance (left front leg)
Scrolls
 d - 2 scrolls of amnesia
 j - 3 scrolls of identify
 n - a scroll of teleportation {unknown}
 r - a scroll of immolation {unknown}
 w - 2 scrolls of fear
Potions
 f - a potion of might
 k - a potion of flight
 m - a potion of agility
 q - 2 potions of curing
 t - a potion of cure mutation
Books
 b - a book of Changes

   Spells                             Type                      Level
   a - Beastly Appendage              Transmutation                1
   b - Sticks to Snakes               Transmutation                2
   c - Spider Form                    Transmutation/Poison         3
   d - Ice Form                       Ice/Transmutation            4
   e - Blade Hands                    Transmutation                5
Comestibles
 c - 5 bread rations
 g - a royal jelly
 s - a meat ration
 v - 2 beef jerkies


   Skills:
 + Level 3.0 Fighting
 + Level 1.7 Throwing
 - Level 2.0 Dodging
 + Level 6.5 Unarmed Combat
 - Level 2.0 Spellcasting
 - Level 3.0 Transmutations


You had 4 spell levels left.
You knew the following spells:

 Your Spells              Type           Power        Failure   Level  Hunger
a - Beastly Appendage     Trmt           ##....       17%         1    #......
b - Sticks to Snakes      Trmt           ##........   24%         2    ###....
c - Spider Form           Trmt/Pois      #.........   52%         3    ###....


Dungeon Overview and Level Annotations

Branches:
Dungeon (5/15)
 Temple: D:4-7

Altars:
Okawaru
Ru


Innate Abilities, Weirdness & Mutations

You cannot wear most types of armour.
You are amphibious.
You can wear up to eight rings at the same time.
((You can use your tentacles to constrict eight enemies at once.))
((Your skin changes colour to match your surroundings (Stealth).))
((Your rubbery body absorbs attacks (AC +1).))


Message History

The ogre shouts!
The centaur shoots an arrow.
The arrow closely misses you.
A hound comes into view.
Your transformation is almost over.
The hound barks!
The centaur shoots an arrow.
The arrow closely misses you.
The arrow hits the giant frog skeleton!
The giant frog skeleton misses you.
The centaur shoots an arrow.
The arrow hits you!
You see here an arrow.
The centaur shoots an arrow.
The arrow hits you!
The giant frog skeleton completely misses you.
The ogre hits you with a giant club!
* * * LOW HITPOINT WARNING * * *
You see here an arrow.
The centaur unwields an uncursed shortbow.
The centaur hits you.
* * * LOW HITPOINT WARNING * * *
The hound closely misses you.
You barely miss the centaur. The centaur hits you.
You die...

#...# #...
.....## ##....
.......####....
..............
............#
............#
......hO....##
......csZ((..#
.#########.((#
##..## ## #...#
.. ##..## #...#
##..## ######
###.###
##....####..##


You could see an ogre, a centaur, a hound and a giant frog skeleton.

Vanquished Creatures
  A sky beast (D:5)
  A scorpion (D:5)
  A jelly (D:5)
  An iguana (D:4)
  A hound (D:4)
  An orc wizard (D:2)
  A worker ant (D:4)
  A hound zombie (D:4)
  8 adders
  An ooze (D:1)
  2 worms
  6 giant geckos
  9 orcs
  6 goblins
  9 hobgoblins
  4 jackals
  14 kobolds
  2 ball pythons (D:2)
  11 bats
  8 giant cockroaches
  6 giant newts
  9 rats
103 creatures vanquished.

Notes
Turn   | Place    | Note
--------------------------------------------------------------
     0 | D:1      | Hanyuu the Octopode Transmuter began the quest for the Orb.
     0 | D:1      | Reached XP level 1. HP: 13/13 MP: 3/3
    70 | D:1      | Reached XP level 2. HP: 12/18 MP: 5/5
   464 | D:1      | Reached skill level 4 in Unarmed Combat
   570 | D:1      | Reached XP level 3. HP: 19/23 MP: 6/6
   574 | D:1      | Learned a level 2 spell: Sticks to Snakes
   578 | D:1      | Learned a level 3 spell: Spider Form
   898 | D:2      | Found a sacrificial altar of Ru.
   905 | D:2      | Reached XP level 4. HP: 15/28 MP: 3/7
  1067 | D:2      | Reached skill level 5 in Unarmed Combat
  1941 | D:3      | Reached XP level 5. HP: 29/33 MP: 4/8
  2039 | D:3      | Found an iron altar of Okawaru.
  2795 | D:4      | Reached XP level 6. HP: 35/39 MP: 9/9
  3116 | D:4      | Reached skill level 6 in Unarmed Combat
  3534 | D:5      | Entered Level 5 of the Dungeon
  3588 | D:5      | Reached skill level 1 in Throwing
  3731 | D:5      | Reached XP level 7. HP: 45/45 MP: 10/10
  3948 | D:5      | Slain by a centaur

Vault maps used:
D:1:      dpeg_arrival_tiny_c, st_stairs_5, minmay_misc_feat_tower,
          kennysheep_another_room
D:2:      nicolae_ru_great_annihilating_truth
D:3:      first_bread, okawaru_ov_weapons_minmay

Action                   |  1- 3 |  4- 6 |  7- 9 || total
-------------------------+-------+-------+-------++-------
Melee: Unarmed           |    70 |   144 |     7 ||   221
 Fire: Hunting sling     |       |     9 |       ||     9
       Blowgun           |       |    16 |     1 ||    17
 Cast: Spider Form       |     1 |     2 |     2 ||     5
       Beastly Appendage |       |     6 |       ||     6
  Use: Scroll            |       |    16 |       ||    16
 Stab: Sleeping          |     2 |     7 |     1 ||    10
       Paralysed         |       |     1 |       ||     1
  Eat: Chunk             |       |    16 |     2 ||    18
